 Dungeon Crawl Stone Soup version 0.29-a0-418-gc0181ea820 (webtiles) character file.

Game seed: 16944458794510205220

219 Amanar the Magician (level 5, -2/37 (42) HPs)
             Began as a Deep Elf Fire Elementalist on May 17, 2022.
             Slain by a wight
             ... wielding a +3 halberd
              (6 damage)
             ... in an ossuary.
             The game lasted 00:14:35 (3269 turns).

Amanar the Magician (Deep Elf Fire Elementalist)    Turns: 3269, Time: 00:14:36

HP:   -2/37 (42)    AC:  3    Str: 17    XL:     5   Next: 63%
MP:   12/13         EV: 13    Int: 22    God:
Gold: 134           SH:  0    Dex: 15    Spells: 3/12 levels left

rFire   . . .      SeeInvis .   s - +9 spear of the Old World {vorpal, rC++}
rCold   + + .      Faith    .   (no shield)
rNeg    . . .      Spirit   .   a - +0 robe
rPois   .          Reflect  .   (no helmet)
rElec   .          Harm     .   u - +0 cloak
rCorr   .          Rampage  .   (no gloves)
Will    .....                   (no boots)
Stlth   ..........              e - amulet of magic regeneration
HPRegen 0.12/turn               c - +6 ring of strength
MPRegen 0.53/turn               m - +6 ring of strength

@: berserking, heavily drained, very quick
A: no striking features
a: no special abilities


You were in an ossuary.
You visited 1 branch of the dungeon, and saw 4 of its levels.
You also visited: Ossuary.

You collected 134 gold pieces.

Inventory:

Hand Weapons
 o - a +0 hunting sling
   (You found it on level 2 of the Dungeon)
 s - the +9 spear of the Old World (weapon) {vorpal, rC++}
   (You found it on level 2 of the Dungeon)

   It inflicts extra damage upon your enemies.
   rC:        It greatly protects you from cold.
Missiles
 h - a throwing net {!f}
Armour
 a - a +0 robe (worn)
 f - a +0 leather armour
   (You took it off an orc on level 3 of the Dungeon)
 g - a +0 robe
   (You found it on level 1 of the Dungeon)
 j - a +0 robe
   (You took it off Jessica on level 3 of the Dungeon)
 l - a +0 chain mail
   (You found it on level 1 of the Dungeon)
 n - a +0 ring mail
   (You found it on level 2 of the Dungeon)
 r - a +0 leather armour
   (You found it on level 2 of the Dungeon)
 t - a +0 scale mail
   (You found it on level 2 of the Dungeon)
 u - a +0 cloak (worn)
   (You found it on level 2 of the Dungeon)
Magical Staves
 k - a staff of air
   (You found it on level 1 of the Dungeon)
Jewellery
 c - a +6 ring of strength (left hand)
   (You found it on level 1 of the Dungeon)
 e - an amulet of magic regeneration (around neck)
   (You found it on level 2 of the Dungeon)
 m - a +6 ring of strength (right hand)
   (You found it on level 1 of the Dungeon)
Scrolls
 d - 4 scrolls of identify {@r1}
 p - 4 scrolls of immolation {!r}
 x - a scroll of teleportation {@r4}
Potions
 b - a potion of magic
 v - a potion of heal wounds {@q2}
 w - a potion of berserk rage


   Skills:
 + Level 0.9 Fighting
 + Level 0.8 Polearms
 + Level 3.6 Dodging
 + Level 3.7 Stealth
 + Level 4.3 Spellcasting
 + Level 2.7 Conjurations
 + Level 4.1 Fire Magic


You had 3 spell levels left.
You knew the following spells:

 Your Spells              Type           Power      Damage    Failure   Level
a - Foxfire               Conj/Fire      76%        2x1d7     2%          1
b - Scorch                Fire           44%        2d7       3%          2
c - Inner Flame           Hex/Fire       13%        N/A       14%         3
d - Conjure Flame         Conj/Fire      19%        6-21      8%          3

Your spell library contained the following spells:

 Spells                   Type           Power      Damage    Failure   Level
 Flame Wave               Conj/Fire      19%        2d6       26%         4


Dungeon Overview and Level Annotations

Branches:
Dungeon (4/15)            Ossuary (1/1)
 Temple: D:4-7

Altars:
Ashenzari

Annotations:
D:2 Sigmund


Message History

You open the door.
There is an open door here.
You open the door.
An adder zombie comes into view.
Flames lash the adder zombie.
The adder zombie's fire resistance burns away.
Flames lash the adder zombie.
The adder zombie is burned terribly!
The adder zombie closely misses you.
Flames lash the adder zombie.
The adder zombie is burned terribly!
You destroy the adder zombie!
You open the door.
A ball python skeleton comes into view.
Flames lash the ball python skeleton.
You destroy the ball python skeleton!
You open the door.
A wight comes into view. It is wielding a +0 scimitar.
Flames lash the wight.
The wight's fire resistance burns away.
Flames lash the wight.
The wight is burned terribly!
The wight hits you but does no damage.
Flames lash the wight.
The wight is burned terribly!
You destroy the wight!
You open the door.
A wight comes into view. It is wielding a +3 halberd.
The wight closely misses you.
Flames lash the wight.
The wight's fire resistance burns away.
The wight hits you from afar with a +3 halberd!
You feel drained.
* * * LOW HITPOINT WARNING * * *
The spell is quite dangerous to miscast (8% risk of failure)!
Continue anyway? [Y]es or [N]o only, please.
The spell is quite dangerous to miscast (8% risk of failure)!
Continue anyway?
Okay, then.
There is an open door here.
The wight is no longer more vulnerable to fire.
You conjure some foxfire!
The wight closely misses you.
The foxfire hits the wight but does no damage. x2
You conjure some foxfire!
The wight barely misses you.
The foxfire hits the wight. x2
You conjure some foxfire!
The wight hits you from afar with a +3 halberd!
* * * LOW HITPOINT WARNING * * *
You feel drained.
* * * LOW HITPOINT WARNING * * *
The foxfire hits the wight but does no damage.
The foxfire hits the wight.
Okay, then.
A red film seems to cover your vision as you go berserk!
You feel yourself moving faster!
You feel mighty!
The wight hits you from afar with a +3 halberd.
You die...

##.## ##.# ###..#
#...## ##...###
#######......##
#.#.##........##
+#+#+#)#'#..ยง.......#
.........'.z.@...#..#
+#+#+#'#'#......##.##
#.#.##......#.#
#######....##.#
##.....## ##...##
#####


You could see a wight.

Vanquished Creatures
  A wight (Ossuary)
  Jessica (D:3)
  A mummy (D:4)
  3 gnolls (D:2)
  3 adders (D:3)
  An adder zombie (Ossuary)
  3 worms (D:3)
  A dart slug (D:1)
  An orc (D:3)
  3 ball pythons
  2 bats (D:1)
  5 endoplasms
  A giant cockroach (D:2)
  6 goblins
  7 hobgoblins
  3 jackals (D:3)
  7 kobolds
  A quokka (D:1)
  A ball python skeleton (Ossuary)
  12 frilled lizards
  3 rats
66 creatures vanquished.

Vanquished Creatures (collateral kills)
  4 foxfires
4 creatures vanquished.

Vanquished Creatures (others)
  164 foxfires
  11 plants
175 creatures vanquished.

Grand Total: 245 creatures vanquished

Notes
Turn   | Place    | Note
-------+----------+-------------------------------------------
     0 | D:1      | Amanar the Deep Elf Fire Elementalist began the quest for
                  | the Orb.
     0 | D:1      | Reached XP level 1. HP: 10/10 MP: 6/6
   177 | D:1      | Found a faded altar of an unknown god.
   404 | D:1      | Reached XP level 2. HP: 15/15 MP: 6/8
   927 | D:2      | Noticed Sigmund
  1252 | D:2      | Found a broken altar of Ashenzari.
  1268 | D:2      | Reached XP level 3. HP: 19/19 MP: 9/9
  1376 | D:2      | Identified the +9 spear of the Old World {vorpal, rC++}
  2022 | D:3      | Reached XP level 4. HP: 24/24 MP: 11/11
  2087 | D:3      | Noticed Jessica
  2098 | D:3      | Killed Jessica
  2799 | D:3      | Learned a level 2 spell: Scorch
  2810 | D:3      | Learned a level 3 spell: Conjure Flame
  2814 | D:3      | Learned a level 3 spell: Inner Flame
  2946 | D:3      | Reached XP level 5. HP: 28/28 MP: 4/13
  3183 | D:4      | Found a sand-covered staircase.
  3197 | Ossuary  | Entered an ossuary
  3269 | Ossuary  | Slain by a wight

Illustrated notes

Levels and vault maps discovered:
D:1:      matt_arrival_grand_opening, layout_loops_ring,
          ebering_ecumenical_altar_mist
D:2:      layout_loops_ring, basic_altar, minmay_tree_intersection,
          minmay_lizard_king, uniq_sigmund
D:3:      layout_basic, serial_forest, infiniplex_forest_clump_small,
          infiniplex_forest_clump_medium, infiniplex_forest_lined_ring,
          infiniplex_forest_clump_curved, infiniplex_forest_straight_4,
          infiniplex_forest_clump_double, infiniplex_forest_lined_3_way,
          chequers_serial_rivers_small_b, minmay_misc_feat_pillars,
          minmay_misc_feat_hallway, minmay_mini_jars, uniq_jessica
D:4:      layout_loops_corners, gup_ossuary_entry_pyramid,
          dreamdust_wishing_well, uniq_crazy_yiuf_cottage, uniq_pikel
Ossuary:  ossuary_due_cavern

Skill      XL: |  1  2  3  4  5 |
---------------+----------------+-----
Stealth        | 3 |  3.7
Dodging        | 3 |  3.6
Conjurations   | 2 |  2.7
Spellcasting   | 4 |  4.3
Fire Magic     | 4 |  4.1
Fighting       | |  0.9
Polearms       | |  0.8

Action                   |  1- 3 |  4- 6 || total
-------------------------+-------+-------++-------
Melee: Spear             |     3 |    14 ||    17
 Cast: Foxfire           |    70 |    43 ||   113
       Scorch            |       |    12 ||    12
       Inner Flame       |       |     1 ||     1
       Conjure Flame     |       |     2 ||     2
  Use: Scroll            |     5 |     1 ||     6
       Potion            |       |     6 ||     6
Armor: Robe              |     2 |     5 ||     7
Dodge: Dodged            |     7 |    10 ||    17

Table legend: (Time is in decaauts)
 A = Elapsed time spent in this place.
 B = Non-inter-level travel time spent in this place.
 C = Inter-level travel time spent in this place.
 D = Time resting spent in this place.
 E = Time spent auto-exploring this place.
 F = Levels seen in this place.
 G = Mean time per level.
                   A        B        C        D        E       F      G
               +--------+--------+--------+--------+--------+-----+--------+
         Total |   3266 |   3129 |    137 |    453 |   1917 |   5 |  653.2 |
       Dungeon |   3195 |   3058 |    137 |    453 |   1917 |   4 |  798.8 |
       Ossuary |     71 |     71 |      0 |      0 |      0 |   1 |   71.0 |
               +--------+--------+--------+--------+--------+-----+--------+

Top non-repeatable levels by time:
     D:3: 1158 daAuts
     D:2: 1051 daAuts
     D:1: 939 daAuts
 Ossuary: 71 daAuts
     D:4: 45 daAuts
